 Dungeon Crawl Stone Soup version 0.21-a0-630-g344d351 (webtiles) character file.

4 KristoblXynda the Charmwright (level 1, 0/10 HPs)
             Began as a Spriggan Skald on Dec 25, 2017.
             Killed from afar by a dart slug (5 damage)
             ... with a slug dart
             ... on level 1 of the Dungeon.
             The game lasted 00:00:48 (590 turns).

KristoblXynda the Charmwright (Spriggan Skald)       Turns: 590, Time: 00:00:49

Health: 0/10       AC:  2    Str:  7    XL:     1   Next: 50%
Magic:  5/5        EV: 19    Int: 14    God:
Gold:   31         SH:  0    Dex: 15    Spells: 4/5 levels left

rFire    . . .     SeeInvis +   f - +0 dagger
rCold    . . .     Gourm    .   (shield restricted)
rNeg     . . .     Faith    .   b - +0 robe
rPois    .         Spirit   .   (helmet restricted)
rElec    .         Reflect  .   (no cloak)
rCorr    .         Harm     .   (gloves unavailable)
MR       .....                  (boots unavailable)
Stlth    +.........             (no amulet)
HPRegen  0.03/turn              (no ring)
MPRegen  0.09/turn              (no ring)

@: very quick
A: very small, unfitting armour, see invisible, herbivore, speed 3, slow
metabolism 2
a: no special abilities


You were on level 1 of the Dungeon.
You were not hungry.

You visited 1 branch of the dungeon, and saw 1 of its levels.

You collected 31 gold pieces.

Inventory:

Hand Weapons
 f - a +0 dagger (weapon)
Armour
 b - a +0 robe (worn)
Scrolls
 a - a scroll of identify {unknown}
 g - a scroll of blinking {unknown}
Potions
 e - 2 potions of agility {unknown}
 h - a potion of haste {unknown}
Books
 c - a book of Battle

   Spells                             Type                      Level
   a - Infusion                       Charms                       1
   b - Shroud of Golubria             Charms/Translocation         2
   c - Song of Slaying                Charms                       2
   d - Spectral Weapon                Hexes/Charms                 3
   e - Regeneration                   Charms/Necromancy            3
Comestibles
 d - 3 rations


   Skills:
 - Level 1.5 Fighting
 + Level 2.3 Short Blades
 + Level 3.7 Dodging
 - Level 2.6 Spellcasting
 + Level 4.5 Charms


You had 4 spell levels left.
You knew the following spells:

 Your Spells              Type           Power        Failure   Level  Hunger
a - Infusion              Chrm           ##..         3%          1    #......


Dungeon Overview and Level Annotations

Branches:
Dungeon (1/15)

Altars:


Innate Abilities, Weirdness & Mutations

You are very small and have problems with some larger weapons.
You are too small for most types of armour.
You have supernaturally acute eyesight. (SInv)
You are a herbivore.
You cover ground extremely quickly.
You need consume almost no food.


Message History

You barely miss the giant cockroach.
The giant cockroach is severely wounded.
The giant cockroach closely misses you. The dart slug misses you.
You hit the giant cockroach but do no damage.
The giant cockroach is severely wounded.
The giant cockroach bites you but does no damage.
You hit the dart slug.
The dart slug is moderately wounded.
The dart slug launches a dart at you. The slug dart hits you!
The giant cockroach bites you but does no damage.
You hit the dart slug but do no damage.
The dart slug is moderately wounded.
The giant cockroach misses you.
You barely miss the dart slug.
The dart slug is moderately wounded.
The dart slug launches a dart at you. The slug dart hits you!
Ouch! That really hurt!
You die...

######. ....... # #
.# .....# .. #.
.#### ...[.#
.#.#.######....#
......
...............>
..# #.......#......
..# #..$..w....#
..# #.....s@...#
..#
....##.#.##.#...
..#
.##.............
..## ####+#.##.##..
#..# #......# #
#..# #......##
#..######+#.....?.+
#...)...........###
#.###...........#


You could see a dart slug and a giant cockroach.

Vanquished Creatures
  A giant cockroach (D:1)
  A hobgoblin (D:1)
  A frilled lizard (D:1)
  A goblin (D:1)
4 creatures vanquished.

Notes
Turn   | Place    | Note
-------+----------+-------------------------------------------
     0 | D:1      | KristoblXynda the Spriggan Skald began the quest for the Orb.
     0 | D:1      | Reached XP level 1. HP: 10/10 MP: 5/5
   590 | D:1      | Killed from afar by a dart slug

Vault maps used:
D:1:      dpeg_arrival_concentric_ovals

Action                   || total
-------------------------++-------
Melee: Dagger            ||    25
       Short sword       ||    19
Armor: Robe              ||     8
Dodge: Dodged            ||    41

Table legend:
 A = Spawn XP
 B = Non-spawn XP
 C = Spawn XP percentage of total XP
 D = Spawn monster count
 E = Non-spawn monster count
 F = Spawn count percentage of total count
 G = Total turns spent on level
                    A         B        C        D         E        F      G
               +---------+---------+-------+---------+---------+-------+---------
         Total |       0 |       6 |   0.0 |       0 |       4 |   0.0 |   590
               +---------+---------+-------+---------+---------+-------+---------
           D:1 |       0 |       6 |   0.0 |       0 |       4 |   0.0 |   590
               +---------+---------+-------+---------+---------+-------+---------
